 Dungeon Crawl Stone Soup version 0.28.0-45-g0d030f2227 (webtiles) character file.

Game seed: 5360427661344048054

617 NinjaNoafa the Skirmisher (level 7, -8/63 HPs)
             Began as a White Draconian Berserker on Apr 13, 2022.
             Was a Believer of Trog.
             Mangled by an ogre
             ... wielding a +0 giant club
              (32 damage)
             ... on level 4 of the Dungeon.
             The game lasted 00:07:57 (4314 turns).

NinjaNoafa the Skirmisher (DrBe)                    Turns: 4314, Time: 00:07:58

Health: -8/63      AC:  7    Str: 21 (22) XL:     7   Next: 21%
Magic:  16/16      EV: 13    Int:  6 (7)  God:    Trog [**....]
Gold:   130        SH:  0    Dex:  9 (12) Spells: 6/6 levels left

rFire   . . .      SeeInvis .   r - +3 spear "Kaiv" {vorpal, MP+9 Dex+2}
rCold   + . .      Faith    .   (no shield)
rNeg    . . .      Spirit   .   (armour unavailable)
rPois   .          Reflect  .   (helmet restricted)
rElec   .          Harm     .   (no cloak)
rCorr   .          Rampage  .   m - +0 pair of gloves
Will    ++...                   (no boots)
Stlth   +.........              (no amulet)
HPRegen 1.20/turn               (no ring)
MPRegen 0.15/turn               (no ring)

@: short of breath, strong-willed, regenerating
A: breathe frost, AC +6, unfitting armour, cold resistance 1, cold-blooded
a: Breathe Frost, Renounce Religion, Berserk, Trog's Hand


You were on level 4 of the Dungeon.
You worshipped Trog.
Trog was pleased with you.
You visited 1 branch of the dungeon, and saw 4 of its levels.

You collected 130 gold pieces.

Inventory:

Hand Weapons
 a - a +0 falchion
 e - a +3 quarterstaff of chaos
 p - a +3 whip
 r - the +3 spear "Kaiv" (weapon) {vorpal, MP+9 Dex+2}
   (You found it on level 3 of the Dungeon)

   It inflicts extra damage upon your enemies.
   Dex:       It affects your dexterity (+2).
   MP:        It affects your magic capacity (+9).
Missiles
 b - 6 poisoned darts (quivered)
Armour
 m - a +0 pair of gloves (worn)
 t - a +0 cloak
Wands
 k - a wand of flame (4)
Scrolls
 c - 2 scrolls of holy word {unknown}
 d - 2 scrolls of immolation {unknown}
 f - 2 scrolls of fog {unknown}
 g - 2 scrolls of teleportation {unknown}
 h - 2 scrolls of identify {unknown}
 i - a scroll of summoning {unknown}
 n - a scroll of enchant weapon {unknown}
 o - a scroll of torment {unknown}
 s - a scroll of acquirement {unknown}
Potions
 j - a potion of brilliance
 l - 3 potions of degeneration
 u - a potion of lignification


   Skills:
 + Level 6.1 Fighting
 - Level 4.6 Long Blades
 - Level 0.8 Maces & Flails
 * Level 1.3 Polearms
 + Level 5.0 Dodging


You had 6 spell levels left.
You didn't know any spells.
Your spell library was empty.

Dungeon Overview and Level Annotations

Branches:
Dungeon (4/15)
 Temple: D:4-7

Altars:
Ashenzari
Fedhas
Gozag
Kikubaaqudgha


Innate Abilities, Weirdness & Mutations

You can breathe waves of freezing cold which knock back foes.
Your icy white scales are hard. (AC +6)
You cannot fit into any form of body armour.
Your flesh is cold resistant. (rC+)
You are cold-blooded and may be slowed by cold attacks.


Message History

The ogre shouts!
Aiming: Breathe Frost (5% risk of failure)
Press: ? - help, Shift-Dir - straight line, f - you That beam is likely to hit you.
Continue anyway?
Okay, then.
Aiming: Breathe Frost (5% risk of failure)
Press: ? - help, Shift-Dir - straight line, f - ogre
Aim: an ogre, wielding a +0 giant club (85% to hit)
You fail to use your ability.
Aiming: Breathe Frost (5% risk of failure)
Press: ? - help, Shift-Dir - straight line, f/p - ogre
Aim: an ogre, wielding a +0 giant club (85% to hit)
You exhale a wave of freezing cold.
The freezing breath hits the ogre!
The ogre is moderately wounded.
The ogre is blown backwards by the freezing wind.
Okay, then.
Reach: r) +3 spear "Kaiv" {vorpal, MP+9 Dex+2}
Press: ? - help, Dir - move target, f/p - ogre
Aim: an ogre, wielding a +0 giant club (moderately wounded, about 23% to evade the +3 spear "Kaiv")
You reach to attack!
You barely miss the ogre.
The ogre is moderately wounded.
An adder comes into view.
The adder hisses angrily.
You hit the ogre.
The ogre is moderately wounded.
The ogre hits you with a +0 giant club!!
You hit the ogre.
The ogre is heavily wounded.
A goblin comes into view. It is wielding a +0 club.
The ogre hits you with a +0 giant club!!
* * * LOW HITPOINT WARNING * * *
The goblin shouts!
You puncture the ogre!
The ogre is almost dead.
You feel better. The ogre closely misses you.
Your skin crawls.
You feel strong-willed.
The ogre hits you with a +0 giant club!!
Ouch! That really hurt!
You die...

### ### #.##########.#
#............#
#.##########.#######.#
#.#...........@OSg....
#.#......>...#######.#
..#.....########
..#####.########
######## ..#
#>........ +.......
..# #.########
####.... ..### #.#
#.... ....# #.# #....
....# #(# #....


You could see an ogre, an adder and a goblin.

Vanquished Creatures
  Grinder (D:3)
  An ogre (D:3)
  Crazy Yiuf (D:3)
  Jessica (D:2)
  Terence (D:2)
  Ijyb (D:4)
  Natasha (D:3)
  An iguana (D:3)
  A hound skeleton (D:4)
  4 gnolls (D:3)
  6 adders
  A worm (D:3)
  3 dart slugs
  4 orcs (D:3)
  9 endoplasms
  5 giant cockroaches
  5 goblins
  4 hobgoblins
  4 jackals
  4 quokkas
  4 ball pythons
  A ball python skeleton (D:3)
  4 bats
  4 frilled lizards
  A jackal skeleton (D:4)
  7 kobolds
  3 rats
82 creatures vanquished.

Notes
Turn   | Place    | Note
-------+----------+-------------------------------------------
     0 | D:1      | NinjaNoafa the Draconian Berserker began the quest for the
                  | Orb.
     0 | D:1      | Reached XP level 1. HP: 19/19 MP: 1/1
   381 | D:1      | Reached XP level 2. HP: 26/26 MP: 2/2
   400 | D:1      | Found a broken altar of Ashenzari.
   818 | D:2      | Noticed Terence
   832 | D:2      | Killed Terence
   833 | D:2      | Reached skill level 4 in Fighting
   833 | D:2      | Reached XP level 3. HP: 33/33 MP: 3/3
  1052 | D:2      | Noticed Jessica
  1061 | D:2      | Killed Jessica
  1079 | D:2      | Found a faded altar of an unknown god.
  1550 | D:2      | Reached XP level 4. HP: 41/41 MP: 4/4
  1770 | D:3      | Noticed an ogre
  1777 | D:3      | Killed an ogre
  1778 | D:3      | Reached skill level 5 in Fighting
  1778 | D:3      | Reached XP level 5. HP: 33/48 MP: 5/5
  2030 | D:3      | Reached ** piety under Trog
  2210 | D:3      | Noticed Grinder
  2216 | D:3      | Paralysed by Grinder for 5 turns
  2223 | D:3      | Paralysed by Grinder for 3 turns
  2229 | D:3      | Found an opulent altar of Gozag.
  2233 | D:3      | Killed Grinder
  2234 | D:3      | Reached XP level 6. HP: 57/57 MP: 6/6
  2557 | D:3      | Noticed Natasha
  2565 | D:3      | Killed Natasha
  2996 | D:3      | Found a runed translucent door.
  2997 | D:3      | Noticed Crazy Yiuf
  3096 | D:3      | Your scales start taking on an icy white colour.
  3096 | D:3      | Reached XP level 7. HP: 50/62 MP: 7/7
  3096 | D:3      | Gained mutation: Your flesh is cold resistant. (rC+) [White
                  | Draconian growth]
  3103 | D:3      | Identified the +3 spear "Kaiv" {vorpal, MP+9 Dex+2}
  3238 | D:3      | Found a blossoming altar of Fedhas.
  3238 | D:3      | Found an ancient bone altar of Kikubaaqudgha.
  3439 | D:3      | Killed Crazy Yiuf
  3440 | D:3      | Reached skill level 6 in Fighting
  3815 | D:4      | Noticed Ijyb
  3832 | D:4      | Killed Ijyb
  3833 | D:4      | Reached skill level 1 in Polearms
  3833 | D:4      | Reached skill level 5 in Dodging
  4314 | D:4      | Mangled by an ogre

Illustrated notes

Levels and vault maps discovered:
D:1:      co_arrival_random_square_maze, layout_basic, kennysheep_flooded_box,
          minmay_tromino_v2
D:2:      layout_loops_cross, serial_aquarium, aquarium_bridge_square
          [aquarium_subvault_balcony, aquarium_subvault_wall,
          aquarium_subvault_window, aquarium_subvault_bridge],
          aquarium_window_corner, aquarium_window_fake, aquarium_window_1,
          aquarium_view_2e, aquarium_view_4, basic_ecumenical_altar,
          minmay_misc_feat_iff, kennysheep_generic_room_8, uniq_terence,
          uniq_jessica
D:3:      layout_loops_ring, grunt_temple_overflow_growth_and_decay,
          mainiacjoe_overflow_24_doors, minmay_divided_ellipse, uniq_natasha,
          uniq_grinder, uniq_crazy_yiuf_cottage
D:4:      minmay_razor_zed, layout_basic, uniq_ijyb

Skill      XL: |  1  2  3  4  5  6  7 |
---------------+----------------------+-----
Dodging        | 3 4 5 |  5.0
Fighting       | 4 5 6 |  6.1
Long Blades    | 4 |  4.6
Polearms       | 1 |  1.3
Maces & Flails | |  0.8

Action                   |  1- 3 |  4- 6 |  7- 9 || total
-------------------------+-------+-------+-------++-------
Melee: Falchion          |    81 |   113 |       ||   194
       Tailslap          |     3 |    12 |     3 ||    18
       Punch             |       |     3 |     1 ||     4
       Whip              |       |    35 |       ||    35
       Spear             |       |       |    56 ||    56
Invok: Berserk           |       |     1 |       ||     1
       Trog's Hand       |       |       |     1 ||     1
 Abil: Breathe Frost     |       |       |     3 ||     3
  Use: Potion            |     1 |       |     6 ||     7
 Stab: Sleeping          |     2 |       |     1 ||     3
Armor: Skin              |    48 |    54 |    17 ||   119
Dodge: Dodged            |    50 |   120 |    31 ||   201
